Map: Dusk Towers

Players

Raven

  • Race: Zerg Zerg
  • League: Diamond

orange - Winner!

  • Race: Terran Terran
  • League: Diamond

VOD

Have the link to the VOD?

Description

Time

  • Played on: Dec. 8, 2015, 5:07 p.m.
  • Length: 26:21
Show
View Real Time Build Order
Export as new Build Order

Raven Zerg 

Build Orders: Hatch First, Muta Ling Bane 

Get SALT Encoding   

  12  0:01  Drone  
  13  0:12  Overlord  
  13  0:18  Drone  
  14  0:30  Drone x2  
  14  0:35  Drone  
  17  0:53  Hatchery  
  16  0:57  Drone  
  16  0:59  Drone  
  18  1:11  Spawning Pool  
  17  1:23  Drone  
  18  1:31  Extractor  
  17  1:37  Hatchery  
  16  1:41  Drone  
  16  1:44  Drone  
  16  1:46  Drone  
  19  1:53  Drone  
  20  2:01  Queen  
  20  2:05  Zergling x2  
  23  2:09  Zergling x2  
  24  2:17  Queen  
  26  2:24  Overlord  
  26  2:31  Drone x2  
  27  2:41  Lair  
  27  2:50  Drone x3  
  30  2:58  Queen  
  32  3:06  Drone x3  
  32  3:10  Metabolic Boost  
  35  3:17  Queen  
  37  3:24  Drone x2  
  39  3:29  Drone x2  
  39  3:30  Drone  
  39  3:34  Overlord  
  42  3:45  Roach Warren  
  41  3:49  Drone  
  41  3:51  Overlord  
  41  3:53  Drone x4  
  46  4:03  Drone x4  
  46  4:05  Overlord  
  49  4:20  Overlord x2  
  49  4:21  Zergling x2, Extractor x2  
  49  4:22  Zergling x4  
  50  4:30  Drone  
  50  4:31  Drone x2  
  53  4:32  Roach x4  
  53  4:37  Drone x4  
  65  4:46  Spore Crawler  
  64  5:00  Roach  
  64  5:01  Roach x8  
  64  5:06  Zergling x4  
  75  5:32  Drone x2  
  75  5:33  Drone x6  
  82  5:46  Spore Crawler  
  82  5:47  Overlord x3  
  81  5:50  Extractor  
  81  5:51  Drone x2, Extractor  
  81  5:52  Overlord x2, Extractor  
  81  5:55  Hatchery  
  79  6:01  Drone x3  
  82  6:10  Drone x4  
  82  6:11  Drone x4  
  90  6:15  Drone, Baneling Nest  
  90  6:16  Drone  
  90  6:17  Evolution Chamber  
  90  6:18  Evolution Chamber  
  90  6:22  Spire  
  87  6:54  Drone x7  
  87  6:55  Drone, Zerg Ground Armor Level 1, Zerg Melee Weapons Level 1  
  95  7:04  Overlord x2  
  95  7:09  Queen  
  97  7:20  Drone x3, Overlord x3  
  97  7:22  Centrifical Hooks  
  100  7:24  Zergling x14  
  107  7:32  Overlord x2  
  107  7:38  Drone x3  
  109  7:47  Mutalisk  
  109  7:48  Mutalisk x8  
  109  7:51  Mutalisk  
  129  8:05  Drone x7  
  132  8:08  Overlord  
  132  8:14  Pneumatized Carapace  
  132  8:18  Infestation Pit  
  129  8:32  Zergling x8  
  129  8:33  Zergling x22  
  140  8:44  Mutalisk x7  
  152  8:51  Zerg Ground Armor Level 2, Zerg Melee Weapons Level 2  
  152  8:55  Extractor  
  151  8:57  Extractor  
  150  9:05  Baneling  
  150  9:06  Baneling x9  
  150  9:07  Zergling x12  
  150  9:08  Zergling x10  
  161  9:10  Hatchery  
  161  9:13  Hatchery  
  159  9:18  Overseer  
  159  9:29  Zergling x8  
  159  9:30  Zergling x26  
  141  9:40  Zergling x6  
  144  9:50  Overlord x3  
  142  10:10  Baneling x10  
  142  10:11  Mutalisk x10  
  142  10:14  Zergling x12  
  162  10:17  Baneling x6  
  166  10:34  Zerg Flyer Weapons Level 1  
  166  10:35  Hive  
  166  10:38  Overlord x2  
  166  10:39  Zergling x26  
  166  10:40  Zergling x6  
  182  10:46  Drone x5  
  182  10:48  Overseer  
  186  11:04  Zergling x32  
  153  11:24  Baneling x8  
  153  11:25  Mutalisk x8, Baneling x3  
  153  11:26  Mutalisk  
  153  11:32  Extractor  
  170  11:33  Extractor  
  170  11:34  Drone x8  
  170  11:37  Baneling x7  
  172  12:07  Baneling Nest  
  171  12:08  Ultralisk Cavern  
  171  12:10  Zerg Melee Weapons Level 3  
  171  12:12  Zerg Ground Armor Level 3  
  170  12:27  Hatchery  
  86  13:00  Chitinous Plating  
  86  13:05  Ultralisk x6  
  122  13:07  Zergling x26  
  122  13:08  Zergling x14  
  142  13:22  Zergling x2  
  142  13:23  Zergling x12  
  152  13:31  Baneling  
  152  13:32  Baneling x13  
  152  13:33  Zergling x2  
  145  13:37  Corruptor  
  145  13:39  Corruptor  
  142  13:57  Zergling x20  
  142  13:58  Zergling x2  
  139  14:20  Zergling x8  
  139  14:21  Zergling x4  
  139  14:22  Hatchery  
  135  14:39  Corruptor x4  
  142  14:58  Drone, Corruptor x4  
  147  15:17  Zergling x2  
  147  15:18  Zergling x20  
  157  15:25  Baneling x3  
  157  15:26  Baneling x7  
  157  15:41  Hatchery, Corruptor x3  
  138  15:52  Zergling x14  
  138  15:53  Zergling x2  
  126  16:07  Zergling x22  
  125  16:17  Greater Spire  
  112  16:40  Zergling x22  
  112  16:41  Zergling x8  
  99  16:56  Ultralisk x4  
  123  17:25  Extractor  
  123  17:26  Extractor  
  121  17:32  Corruptor x4  
  129  17:37  Brood Lord x3  
  135  17:49  Extractor  
  135  17:51  Zergling x24  
  135  17:52  Extractor, Zergling x12  
  148  18:21  Hatchery  
  144  18:40  Ultralisk x3  
  162  18:54  Zergling x18  
  129  19:07  Zergling x4  
  129  19:08  Zergling x12  
  125  19:24  Corruptor x2  
  129  19:37  Corruptor x3  
  132  19:59  Baneling x6  
  133  20:00  Zergling x20  
  142  20:12  Zergling x10  
  142  20:13  Zergling x4  
  122  20:32  Zergling x2  
  122  20:33  Zergling x16  
  104  20:53  Spore Crawler  
  104  20:54  Spore Crawler  
  104  20:55  Spore Crawler  
  80  21:28  Spore Crawler x2  
  80  21:29  Spore Crawler  
  74  22:06  Spore Crawler  
  74  22:07  Spore Crawler  
  72  22:17  Viper  
  72  22:18  Viper x3  
  84  22:29  Drone x5  
  89  22:41  Drone x4  
  84  23:07  Zergling x22  
  85  23:27  Zergling x16  
  80  23:38  Zergling x6  
  78  24:02  Zergling x14  
  53  24:48  Zergling x14  
Show
View Real Time Build Order
Export as new Build Order

orange Terran - Winner!

Build Orders: Liberator Opening, Reaper Expand, MMM Bio 

Get SALT Encoding   

  12  0:01  SCV  
  13  0:13  SCV  
  14  0:18  Supply Depot  
  14  0:25  SCV  
  15  0:40  SCV  
  15  0:42  Barracks  
  16  0:47  Refinery  
  16  0:52  SCV  
  17  1:04  SCV  
  18  1:16  SCV  
  19  1:28  Orbital Command  
  19  1:30  Reaper  
  20  1:42  Command Center  
  20  1:52  Supply Depot  
  20  1:54  SCV  
  21  2:06  SCV  
  21  2:07  Barracks Reactor  
  21  2:08  Refinery  
  22  2:18  SCV  
  23  2:24  Factory  
  23  2:30  SCV  
  24  2:42  SCV  
  25  2:46  Marine x2  
  27  2:54  SCV, Orbital Command  
  28  3:07  SCV  
  28  3:14  Starport  
  28  3:17  Hellion x2  
  28  3:18  Barracks Tech Lab  
  28  3:19  SCV  
  33  3:20  SCV  
  34  3:31  SCV  
  34  3:32  SCV  
  34  3:33  Liberator  
  36  3:34  Supply Depot  
  36  3:37  Marine  
  36  3:38  Hellion x2  
  36  3:40  Stimpack  
  41  3:43  SCV  
  41  3:44  SCV  
  46  3:56  SCV  
  46  3:57  SCV, Supply Depot  
  46  4:02  Hellion  
  50  4:04  Hellion  
  50  4:08  SCV  
  50  4:09  SCV  
  54  4:16  Liberator  
  54  4:20  SCV  
  54  4:21  Armory, Marine, SCV  
  54  4:23  Hellion  
  59  4:25  Hellion  
  59  4:27  Supply Depot  
  61  4:32  SCV  
  61  4:33  SCV  
  66  4:38  Refinery  
  66  4:40  Refinery  
  66  4:43  Supply Depot  
  66  4:44  SCV  
  66  4:45  SCV  
  68  4:56  SCV  
  68  4:57  SCV, Barracks  
  68  4:59  Factory Tech Lab  
  66  5:09  SCV x2  
  68  5:19  Starport Reactor  
  68  5:21  SCV x2  
  67  5:25  Command Center  
  62  5:30  Siege Tank  
  62  5:33  SCV x2  
  60  5:41  Engineering Bay, Marine  
  61  5:42  Combat Shields  
  61  5:43  Engineering Bay  
  61  5:45  SCV x2  
  63  5:51  Barracks  
  63  5:52  Marine  
  63  5:53  Marine  
  65  5:57  SCV  
  65  5:58  SCV  
  65  5:59  Marine  
  68  6:06  Barracks  
  68  6:10  Marine  
  69  6:11  SCV  
  69  6:12  SCV  
  69  6:13  Terran Infantry Weapons Level 1, Terran Infantry Armor Level 1  
  71  6:21  Barracks  
  71  6:24  SCV x2  
  71  6:25  Medivac  
  75  6:27  Barracks, Medivac  
  75  6:31  Siege Tank  
  80  6:36  SCV x2  
  82  6:42  Marine x2  
  82  6:43  Barracks Reactor  
  82  6:45  Marine  
  85  6:49  Orbital Command  
  85  6:51  SCV x2  
  87  6:57  Medivac  
  87  6:58  Medivac  
  87  7:00  Marine x2  
  93  7:04  SCV x2  
  96  7:15  Siege Tank  
  101  7:16  SCV x2  
  101  7:19  Barracks Reactor x2  
  101  7:21  Barracks Reactor  
  100  7:23  Orbital Command  
  100  7:29  Supply Depot x2  
  100  7:33  Supply Depot  
  100  7:36  SCV  
  101  7:37  Supply Depot  
  101  7:38  Supply Depot x3  
  101  7:39  Supply Depot  
  101  7:41  Bunker  
  101  7:50  SCV x2, Marine x4  
  107  7:53  Marine  
  107  7:54  Supply Depot x2  
  107  7:57  Marine  
  107  7:58  Marine x4  
  112  8:04  Marine  
  114  8:05  Siege Tank  
  114  8:06  Medivac x2  
  114  8:08  Marine x4  
  122  8:15  Command Center, Marine  
  122  8:16  Refinery  
  123  8:25  Marine x4  
  123  8:26  Marine x4  
  128  8:48  Marine x7  
  121  8:49  Marine x2  
  121  8:51  Marine  
  121  8:52  Marine  
  128  8:56  Supply Depot, Terran Infantry Weapons Level 2, Terran Infantry Armor Level 2  
  128  8:58  Supply Depot  
  128  9:06  Marine x4  
  128  9:09  Marine x2  
  134  9:12  Barracks x2, Marine x3  
  134  9:13  Barracks  
  134  9:15  Marine  
  138  9:19  Missile Turret  
  138  9:20  Missile Turret  
  138  9:31  Liberator x2  
  101  9:44  Marine x11  
  115  10:00  Barracks Reactor x2  
  115  10:01  Barracks Reactor, Marine  
  115  10:02  Marine x10  
  126  10:11  Planetary Fortress  
  126  10:17  Siege Tank, Liberator x2  
  126  10:19  Marine  
  126  10:20  Marine x10  
  140  10:23  Missile Turret  
  140  10:26  Missile Turret  
  140  10:28  Missile Turret  
  140  10:32  Missile Turret  
  146  10:37  Marine x3  
  146  10:38  Factory, Marine x10  
  146  10:39  Refinery  
  159  10:44  Missile Turret  
  159  10:46  Missile Turret, Marine  
  159  10:47  Marine x3  
  163  10:51  Siege Tank  
  166  11:00  Liberator x2  
  162  11:07  Marine x10  
  162  11:08  Marine x6  
  176  11:15  Marine  
  183  11:24  Marine  
  183  11:25  Marine x3  
  184  11:26  Factory Tech Lab  
  184  11:31  Marine  
  184  11:32  Marine x3  
  191  11:35  Marine  
  192  11:42  Liberator  
  192  11:44  Marine x8  
  193  12:05  Thor  
  193  12:08  Drilling Claws  
  199  12:20  Terran Infantry Weapons Level 3  
  199  12:21  Command Center, Terran Infantry Armor Level 3  
  199  12:23  Terran Ship Weapons Level 1  
  199  12:24  Command Center  
  199  12:35  Marine  
  192  12:54  Marine  
  192  12:55  Marine x10  
  198  13:05  Medivac  
  194  14:07  Marine x9  
  194  14:08  Thor x2  
  171  14:19  Marine  
  171  14:20  Marine x5  
  171  14:23  Orbital Command  
  177  14:27  Command Center, Medivac x2  
  181  14:31  Starport  
  181  14:33  Starport, Fusion Core  
  181  14:34  Planetary Fortress  
  181  14:36  Missile Turret x2  
  181  14:38  Command Center, Missile Turret  
  170  14:41  Missile Turret  
  166  14:46  Marine x6  
  166  14:47  Marine x11  
  180  15:00  Medivac x2  
  180  15:04  Marine x11  
  180  15:05  Marine x6  
  197  15:16  Siege Tank  
  197  15:29  Marine  
  197  15:30  Marine x2  
  170  15:55  Siege Tank x2  
  138  15:57  Marine x3  
  138  16:02  Marine x2  
  138  16:03  Marauder  
  118  16:04  Marine x3  
  118  16:06  Liberator  
  118  16:08  Marine x2  
  118  16:09  Marine x6  
  116  16:15  Marine x3  
  111  16:20  Marine x2  
  111  16:22  Marine x3  
  111  16:24  Liberator, Marine  
  111  16:25  Starport Reactor, Starport Tech Lab  
  120  16:26  Marine x7  
  120  16:27  Siege Tank, Marine  
  131  16:32  Marine  
  131  16:33  Marine  
  131  16:37  Marine  
  131  16:38  Marine x2  
  131  16:39  Liberator  
  136  16:40  Marine x2  
  138  16:49  Liberator  
  138  16:54  Liberator x2, Marine  
  105  16:55  Marine  
  105  16:56  Marine x11  
  123  17:03  Planetary Fortress  
  123  17:05  Marine  
  128  17:10  Liberator  
  128  17:11  Marine  
  128  17:13  Marine x2  
  128  17:14  Advanced Ballistics  
  134  17:22  Liberator, Marine x5  
  142  17:33  Liberator  
  142  17:34  Marine  
  142  17:35  Marine x3  
  146  17:41  Refinery x2  
  149  17:46  Marine, Liberator x2  
  153  17:53  Command Center, Marine  
  154  17:59  Marine x9  
  169  18:06  Liberator  
  169  18:11  Marine x4  
  172  18:16  Liberator, Marine  
  172  18:17  Marine x2  
  175  18:22  Marine  
  175  18:23  Marine x9  
  180  18:29  Marine x2  
  178  18:36  Marine x2  
  178  18:37  Marine x3  
  178  18:40  Marine x5  
  178  18:41  Marine  
  187  18:49  Thor x2  
  175  19:04  Liberator  
  175  19:05  Liberator  
  170  19:12  Marine  
  171  19:17  Marine  
  171  19:18  Marine x3  
  171  19:21  Marine  
  170  19:29  Marine x3  
  170  19:30  Marine x6  
  161  19:39  Planetary Fortress  
  156  19:46  Marine x5  
  156  19:47  Marine x12  
  156  19:51  Medivac x3  
  178  19:55  Terran Ship Weapons Level 2  
  178  20:04  Medivac, Marine x4  
  178  20:17  Marine  
  178  20:18  Marine x2  
  181  20:22  Marine  
  181  20:23  Marine x10  
  188  20:32  Marine  
  188  20:33  Marine x2  
  188  20:35  Marine x3  
  131  20:40  Marine  
  131  20:41  Marine x3  
  137  20:57  Marine  
  137  20:58  Marine  
  139  21:07  Marine  
  139  21:08  Marine x7  
  132  21:19  Thor x2  
  144  21:26  Marine  
  144  21:29  Marine  
  144  21:30  Marine  
  141  21:38  Marine x3  
  144  21:46  Marine x2  
  146  21:52  Marine  
  146  21:53  Marine x7  
  146  21:54  Marine  
  155  22:00  Marauder  
  157  22:21  Marauder  
  157  22:22  Marine x2  
  161  22:26  Refinery  
  161  22:27  Refinery  
  161  22:34  Command Center  
  161  22:42  Marauder  
  161  22:43  Marine x5  
  168  23:00  Orbital Command  
  168  23:01  Marine  
  168  23:02  Marine  
  168  23:07  Marine  
  168  23:08  Marine x3  
  154  23:34  Marine  
  154  23:35  Marine x11  
  161  23:46  Marine x5  
  166  23:48  Planetary Fortress  
  166  23:52  Marine  
  166  23:53  Marine x5  
  150  24:17  Marine x2  
  150  24:18  Marine x5  
  157  24:26  Marine  
  157  24:27  Marine x9  
  166  24:35  Marine x4  
  165  24:44  Marine x6  
  145  24:47  Marine  
  145  24:48  Marine x6  
  152  24:53  Marine x4  
  152  24:57  Liberator  
  152  24:58  Liberator  
  156  25:01  Marine  
  156  25:02  Marine x5  
  156  25:05  Marine x4  
  156  25:06  Marine  
  160  25:11  Marine  
  160  25:12  Marine x5  
  150  25:19  Marine  
  157  25:24  Marine  
  158  25:31  Marine x7  
  159  25:42  Marine  
  150  26:00  Marine  
  150  26:01  Marine x10  
Tags
 
Add a new tag
Caveats
  • Supply blocks, unpowered buildings, or Contaminate may cause inaccurate times.
  • Supply counts are checked every 10 seconds.